 Dungeon Crawl Stone Soup version 0.27.1-33-g824d729ab1 (webtiles) character file.

Game seed: 1839947844906132063

1848 TheCrusader the Covert (level 9, -1/87 HPs)
             Began as an Octopode Brigand on Nov 25, 2021.
             Slain by a phantom (8 damage)
             ... on level 6 of the Dungeon.
             The game lasted 00:34:38 (9327 turns).

TheCrusader the Covert (Octopode Brigand)           Turns: 9327, Time: 00:34:39

Health: -1/87      AC:  8    Str: 10 (11) XL:     9   Next: 12%
Magic:  13/13      EV: 10    Int:  9 (12) God:
Gold:   291        SH: 12    Dex: 14 (15) Spells: 13/13 levels left

rFire    . . .     SeeInvis .   g - +2 dagger (protect)
rCold    . . .     Faith    .   k - +0 tower shield
rNeg     . . .     Spirit   .   (helmet restricted)
rPois    .         Reflect  .   (no amulet)
rElec    .         Harm     .   (no ring)
rCorr    .         Rampage  .   (no ring)
Will     .....                  (no ring)
Stlth    ..........             (no ring)
HPRegen  0.24/turn              (no ring)
MPRegen  0.13/turn              (no ring)
                                (no ring)
                                (no ring)

@: berserking (expiring), under a protective aura, very quick
A: almost no armour, amphibious, 8 rings, camouflage 1, gelatinous body 1,
(nimble swimmer 1), tentacles, dopey 1
a: no special abilities


You were on level 6 of the Dungeon.
You visited 1 branch of the dungeon, and saw 6 of its levels.

You collected 291 gold pieces.

Inventory:

Hand Weapons
 a - a +2 dagger
 g - a +2 dagger of protection (weapon)
 E - a +3 dagger of electrocution
Missiles
 b - 38 poisoned darts (quivered)
 c - 2 curare-tipped darts
 y - a throwing net
Armour
 k - a +0 tower shield (worn)
Jewellery
 p - an amulet of reflection
Wands
 C - a wand of polymorph (11)
 G - a wand of paralysis (6)
Scrolls
 d - a scroll of torment {unknown}
 e - a scroll of fear {unknown}
 f - 6 scrolls of identify
 h - 4 scrolls of magic mapping {unknown}
 j - 5 scrolls of teleportation {unknown}
 m - a scroll of immolation {unknown}
 n - a scroll of summoning {unknown}
 o - a scroll of fog {unknown}
 r - 2 scrolls of amnesia {unknown}
 s - a scroll of noise {unknown}
 A - 2 scrolls of brand weapon {unknown}
Potions
 i - a potion of lignification {unknown}
 l - a potion of haste {unknown}
 q - a potion of brilliance {unknown}
 t - a potion of flight {unknown}
 v - a potion of invisibility {unknown}
 x - a potion of berserk rage
 z - a potion of ambrosia {unknown}
 B - a potion of attraction {unknown}
 F - a potion of might {unknown}


   Skills:
 + Level 3.7 Fighting
 + Level 4.8 Short Blades
 + Level 2.1 Throwing
 + Level 4.6 Dodging
 + Level 10.8 Stealth
 + Level 4.3 Shields
 * Level 2.9 Spellcasting


You had 13 spell levels left.
You didn't know any spells.
Your spell library contained the following spells:

 Spells                   Type           Power      Damage    Failure   Level
 Beastly Appendage        Tmut           2%         N/A       99%         1
 Freeze                   Ice            4%         1d3       99%         1
 Static Discharge         Conj/Air       1%         N/A       100%        2
 Wereblood                Tmut           1%         N/A       100%        2
 Frozen Ramparts          Ice            2%         1d2       100%        3
 Spider Form              Tmut/Pois      0%         N/A       100%        3
 Summon Guardian Golem    Hex/Summ       1%         N/A       100%        3
 Dispel Undead            Necr           1%         3d6       100%        4
 Hailstorm                Conj/Ice       1%         3d3       100%        4
 Sticky Flame             Conj/Fire      1%         2d3       100%        4
 Orb of Destruction       Conj           0%         N/A       100%        7
 Spellforged Servitor     Conj/Summ      0%         N/A       100%        7


Dungeon Overview and Level Annotations

Branches:
Dungeon (6/15)
 Temple: D:4-7

Altars:
Qazlal
Sif Muna
Trog
Xom

Shops:
D:4 [


Innate Abilities, Weirdness & Mutations

You cannot wear most types of armour.
You are amphibious.
You can wear up to eight rings at the same time.
Your skin changes colour to match your surroundings (Stealth+).
Your rubbery body absorbs attacks. (AC +1, EV +1)
((You are camouflaged near water. (Stealth+)))
You have tentacles for arms and can constrict up to eight enemies at once.
You are dopey. (Int -2)


Message History

You puncture the phantom!
Your weapon exudes an aura of protection.
The phantom is heavily damaged.
You block the phantom's attack.
You closely miss the phantom.
The phantom is heavily damaged.
You block the phantom's attack.
Your shield prevents you from hitting the phantom.
The phantom is heavily damaged.
The centaur unwields a +0 shortbow.
The centaur hits you but does no damage.
The centaur kicks you.
* * * LOW HITPOINT WARNING * * *
You block the phantom's attack.
You barely miss the centaur.
The centaur is lightly wounded.
The centaur hits you.
* * * LOW HITPOINT WARNING * * *
You block the centaur's attack.
The phantom hits you but does no damage.
You hit the centaur.
Your weapon exudes an aura of protection.
The centaur is moderately wounded.
The centaur hits you.
* * * LOW HITPOINT WARNING * * *
You block the centaur's attack.
You puncture the centaur! You squeeze the centaur!
You kill the centaur!
The phantom hits you.
* * * LOW HITPOINT WARNING * * *
You barely miss the phantom.
The phantom is heavily damaged.
You block the phantom's attack.
You closely miss the phantom.
The phantom is heavily damaged.
The phantom misses you.
You hit the phantom.
The phantom is severely damaged.
The phantom hits you!
You die...

.. ####'#########
#.....#............#
#.....#............#
#.....'............#
#.....#.......##...#
#.....#.......##...#
+.....#.......##@..#
#.....#........W)..#
#.....'............#
#.....#.......#######
#.....#.......#.....#
#.....#########.....#
#.[.................#
....................#
....................#


You could see a phantom.

Vanquished Creatures
  Grinder (D:5)
  Edmund (D:5)
  A water moccasin (D:5)
  2 black bears (D:4)
  A necrophage (D:3)
  An ogre (D:4)
  A centaur (D:6)
  A phantom (D:4)
  3 scorpions
  A water moccasin zombie (D:6)
  A wyvern zombie (D:5)
  2 centaur zombies (D:5)
  A hound (D:5)
  3 orc priests
  2 iguanas
  Ijyb (D:5)
  An orc wizard (D:3)
  A hound skeleton (D:4)
  Robin (D:2)
  8 adders
  2 howler monkey skeletons (D:4)
  10 river rats (D:5)
  An ufetubus (D:5)
  An adder skeleton (D:4)
  A worm (D:3)
  11 orcs
  8 endoplasms
  5 giant cockroaches
  11 goblins
  9 hobgoblins
  9 jackals
  10 kobolds
  9 quokkas
  10 ball pythons
  7 bats
  A frilled lizard (D:2)
  26 rats
  2 bushes (D:3)
167 creatures vanquished.

Vanquished Creatures (others)
  2 plants (D:3)
2 creatures vanquished.

Grand Total: 169 creatures vanquished

Notes
Turn   | Place    | Note
-------+----------+-------------------------------------------
     0 | D:1      | TheCrusader the Octopode Brigand began the quest for the
                  | Orb.
     0 | D:1      | Reached XP level 1. HP: 14/14 MP: 1/1
   454 | D:1      | Reached XP level 2. HP: 19/19 MP: 2/2
   578 | D:1      | Reached skill level 6 in Stealth
   648 | D:1      | Reached XP level 3. HP: 18/24 MP: 3/3
  1551 | D:2      | Reached XP level 4. HP: 18/29 MP: 4/4
  1972 | D:2      | Reached skill level 7 in Stealth
  2589 | D:2      | Noticed Robin
  2598 | D:2      | Gained mutation: You are dopey. (Int -2) [potion of
                  | mutation]
  2701 | D:2      | Killed Robin
  2702 | D:2      | Reached XP level 5. HP: 27/35 MP: 5/5
  3523 | D:3      | Found a shimmering altar of Xom.
  3737 | D:3      | Noticed a necrophage
  3747 | D:3      | Killed a necrophage
  3748 | D:3      | Reached skill level 8 in Stealth
  3748 | D:3      | Reached skill level 1 in Shields
  3748 | D:3      | Reached XP level 6. HP: 10/41 MP: 6/6
  4974 | D:4      | Reached XP level 7. HP: 20/45 MP: 7/7
  5177 | D:4      | Found a bloodstained altar of Trog.
  5202 | D:4      | Reached skill level 9 in Stealth
  5861 | D:5      | Entered Level 5 of the Dungeon
  6568 | D:4      | Found Macvothra's Antique Armour Boutique.
  7070 | D:5      | Reached XP level 8. HP: 52/52 MP: 8/8
  7125 | D:5      | Noticed Ijyb
  7132 | D:5      | Killed Ijyb
  7150 | D:5      | Reached skill level 1 in Spellcasting
  7471 | D:5      | Noticed Grinder
  7483 | D:5      | Killed Grinder
  7530 | D:5      | Reached skill level 10 in Stealth
  7928 | D:5      | Noticed Edmund
  7934 | D:5      | Killed Edmund
  8732 | D:5      | Found a shimmering blue altar of Sif Muna.
  8753 | D:5      | Found a stormy altar of Qazlal.
  9180 | D:6      | Reached XP level 9. HP: 44/57 MP: 12/12
  9327 | D:6      | Slain by a phantom

Illustrated notes

Levels and vault maps discovered:
D:1:      minmay_arrival_checkered_box, layout_basic, hangedman_decor_push
D:2:      minmay_diamond_boxcup, layout_basic, minmay_vboxes, uniq_robin
D:3:      layout_loops_corners, mainiacjoe_overflow_brackets, serial_forest,
          infiniplex_forest_clump_tiny, infiniplex_forest_clump_large,
          infiniplex_forest_split, infiniplex_forest_lined_3_way,
          infiniplex_forest_lined_corner, st_stairs_4
D:4:      layout_basic, trog_ov_bears_minmay, serial_shops,
          nicolae_stop_n_shop_2, grunt_ministairs_12, kennysheep_another_room
D:5:      lemuel_ratsnest, layout_basic, mainiacjoe_overflow_big_doors,
          uniq_ijyb, uniq_edmund, uniq_grinder
D:6:      layout_gridville, minmay_temple_entry_grid

Skill      XL: |  1  2  3  4  5  6  7  8 |
---------------+-------------------------+-----
Stealth        | 6 7 8 9 10 | 10.8
Dodging        | 2 3 4 |  4.6
Shields        | 1 2 3 4 |  4.3
Short Blades   | 3 4 |  4.8
Fighting       | 3 |  3.7
Spellcasting   | 2 |  2.9
Throwing       | |  2.1

Action                   |  1- 3 |  4- 6 |  7- 9 || total
-------------------------+-------+-------+-------++-------
Melee: Dagger            |    72 |   326 |   218 ||   616
       Constrict         |    17 |    21 |    40 ||    78
       Tentacles         |    17 |   105 |    52 ||   174
Throw: Dart              |     3 |       |       ||     3
Evoke: Wand              |       |       |     1 ||     1
  Use: Potion            |       |     3 |     6 ||     9
       Scroll            |       |     2 |       ||     2
 Stab: Sleeping          |     3 |    25 |    20 ||    48
       Distracted        |       |       |     1 ||     1
Armor: Skin              |     3 |    34 |    71 ||   108
Dodge: Dodged            |    48 |    32 |    77 ||   157
Block: Tower shield      |       |    65 |   141 ||   206
